 Dungeon Crawl Stone Soup version 0.23-a0-275-g0cf4261 (webtiles) character file.

5751 CozyGlow the Thaumaturge (level 10, -2/68 HPs)
             Began as a Demonspawn Fire Elementalist on Oct 1, 2018.
             Was an Elder of Vehumet.
             Slain by a vampire (10 damage)
             ... on level 11 of the Dungeon on Oct 2, 2018.
             The game lasted 01:31:35 (14177 turns).

CozyGlow the Thaumaturge (DsFE)                    Turns: 14177, Time: 01:31:36

Health: -2/68      AC:  5    Str: 11    XL:     10   Next: 49%
Magic:  0/24       EV: 14    Int: 23    God:    Vehumet [****..]
Gold:   163        SH:  0    Dex: 10    Spells: 1/29 levels left

rFire    + . .     SeeInvis .   L - staff of energy
rCold    . . .     Gourm    +   (no shield)
rNeg     + . .     Faith    .   H - +1 robe {rC+}
rPois    .         Spirit   .   p - +0 helmet "Castaw" {rN+ Str+2 Int+3 Dex-3}
rElec    .         Reflect  .   (no cloak)
rCorr    .         Harm     .   k - +0 pair of gloves
MR       .....                  (boots unavailable)
Stlth    ++........             Q - amulet of the gourmand
HPRegen  0.21/turn              A - +2 ring of evasion
MPRegen  0.19/turn              v - ring of fire

@: hasted, very quick
A: talons 3, demonic guardian 2, sturdy frame 2
a: Renounce Religion


You were on level 11 of the Dungeon.
You worshipped Vehumet.
Vehumet was greatly pleased with you.
You were hungry.

You visited 1 branch of the dungeon, and saw 11 of its levels.
You also visited: Ossuary.

You collected 940 gold pieces.
You spent 777 gold pieces at shops.

Inventory:

Hand Weapons
 e - a +0 dagger of holy wrath
 m - a +4 hunting sling
 u - a +0 hunting sling
 I - a +0 quarterstaff of holy wrath
 K - a +2 dagger of venom
Missiles
 i - 162 stones (quivered)
 w - 3 poisoned tomahawks
Armour
 a - a +2 robe
 f - a +2 hat
 k - a +0 pair of gloves (worn)
 p - the +0 helmet "Castaw" (worn) {rN+ Str+2 Int+3 Dex-3}
   (You bought it in a shop on level 9 of the Dungeon)

   It affects your strength (+2).
   It affects your intelligence (+3).
   It affects your dexterity (-3).
   It protects you from negative energy.
 t - a +0 helmet
 H - a +1 robe of cold resistance (worn)
Magical Staves
 L - an uncursed staff of energy (weapon)
Jewellery
 o - a +4 ring of dexterity
 v - a ring of fire (right hand)
 A - a +2 ring of evasion (left hand)
 J - an uncursed ring of attention
 Q - an amulet of the gourmand (around neck)
Wands
 d - a wand of flame (16)
 y - a wand of iceblast (22)
 z - a wand of polymorph (3)
 P - a wand of disintegration (4)
Scrolls
 j - a scroll of fear {unknown}
 l - 2 scrolls of magic mapping {unknown}
 q - 4 scrolls of remove curse
 s - 2 scrolls of enchant weapon
 x - a scroll of fog {unknown}
 G - a scroll of immolation
Potions
 g - 2 potions of magic
 h - 3 potions of cancellation
 n - a potion of flight
 B - a potion of haste
 C - 2 potions of agility {unknown}
 D - 2 potions of mutation
 E - a potion of curing
 F - a potion of berserk rage
 O - 3 potions of might
Miscellaneous
 M - a box of beasts
Comestibles
 b - 2 chunks of flesh
 c - 15 rations


   Skills:
 * Level 2.4 Fighting
 - Level 1.7 Dodging
 - Level 1.7 Stealth
 + Level 10.3 Spellcasting
 + Level 8.0 Conjurations
 - Level 7.5 Fire Magic


You had one spell level left.
You knew the following spells:

 Your Spells              Type           Power        Failure   Level  Hunger
a - Flame Tongue          Conj/Fire      #####        1%          1    None
b - Throw Flame           Conj/Fire      ######       1%          2    None
c - Sticky Flame          Conj/Fire      ######..     1%          4    None
d - Fireball              Conj/Fire      ######....   1%          5    None
e - Bolt of Magma         Conj/Fire/Erth ######....   5%          5    None
f - Conjure Flame         Conj/Fire      ######..     1%          3    None
g - Shroud of Golubria    Chrm/Tloc      ##........   9%          2    None
h - Spectral Weapon       Hex/Chrm       ##......     16%         3    None
i - Regeneration          Chrm/Necr      ##........   16%         3    None

Your spell library contained the following spells:

 Spells                   Type           Power        Failure   Level  Hunger
 Airstrike                Air            ##........   14%         4    None
 Infusion                 Chrm           ##..         5%          1    None
 Inner Flame              Hex/Fire       #####...     1%          3    None
 Iskenderun's Battlesphe  Conj/Chrm      ####....     8%          5    None
 Venom Bolt               Conj/Pois      ####......   8%          5    None
 Song of Slaying          Chrm           ##......     9%          2    None
 Iron Shot                Conj/Erth      ####......   36%         6    None
 Orb of Destruction       Conj           #####.....   38%         7    None
 Spellforged Servitor     Conj/Summ      ####......   88%         7    None


Dungeon Overview and Level Annotations

Branches:
Dungeon (11/15)            Temple (0/1) D:7            Lair (0/6) D:8
    Orc (0/2) D:10

Altars:
Cheibriados
Elyvilon
Gozag
Makhleb
Nemelex Xobeh
Okawaru
Qazlal
Ru
Vehumet
Wu Jian
Xom
Zin
The Shining One

Shops:
D:7 *   D:9 [   D:10 [

Annotations:
D:9 Grum
D:10 3 runed doors, exclusion: obsidian statue


Innate Abilities, Weirdness & Mutations

You have claws for feet.
A demonic guardian rushes to your aid.
Your movements are less encumbered by armour. (ER -4)


Message History

Your shroud falls apart!
Something bites you but does no damage.
You feel yourself speed up. Something hits you but does no damage.
Something bites you!
* * * LOW HITPOINT WARNING * * *
Something draws strength from your injuries!
You feel better.
A vampire appears from thin air!
Reactivating autopickup.
Casting: Shroud of Golubria (safe; 9% risk of failure)
Confirm with . or Enter, or press ? or * to list all spells.
Aiming: Sticky Flame (safe; 1% risk of failure)
Press: ? - help, Shift-Dir - straight line, f - vampire
Aim: a vampire (lightly damaged)
You feel a surge of power!
The sticky flame hits the vampire.
The vampire is moderately damaged.
The vampire is covered in liquid flames!
The vampire burns!
The vampire hits you!
* * * LOW HITPOINT WARNING * * *
The vampire bites you!
You die...

##########################
#....................<.....
#...........................
#..................>........
#.......)..@V........<......
#......................)....
#.....##########..........<.
#.....#........#............
#.....#........#............
#.....#........#............
#.....#........#............
#.....#........#............
#.....#........#............


You could see a vampire (burning).

Vanquished Creatures
  A two-headed ogre (D:11)
  A centaur skeleton (D:11)
  Prince Ribbit (D:5)
  2 water moccasins
  Duvessa (D:5)
  9 orc warriors
  2 ice beasts
  A sky beast (D:5)
  A phantom (D:5)
  A black bear (D:7)
  2 centaurs
  4 ogres
  A big kobold (D:11)
  6 bullfrogs
  A scorpion (D:7)
  Dowan (D:5)
  2 killer bees (D:10)
  3 howler monkeys
  2 electric eels (D:10)
  A centaur zombie (D:8)
  A bullfrog zombie (D:10)
  7 crimson imps
  6 hounds
  11 orc wizards
  A bullfrog skeleton (D:5)
  10 orc priests
  An iguana (D:7)
  7 worker ants
  A hound zombie (D:7)
  8 mummies (Ossuary)
  A worker ant zombie (D:11)
  6 adders
  7 gnolls
  4 shadow imps
  An ooze (D:2)
  3 adder zombies (D:5)
  3 worms
  A dart slug (D:4)
  2 leopard geckos (D:1)
  39 orcs
  3 giant cockroaches
  A gnoll zombie (Ossuary)
  10 goblins
  4 hobgoblins
  9 jackals
  5 quokkas
  A bat (D:1)
  15 frilled lizards
  3 hobgoblin zombies (Ossuary)
  12 kobolds
  2 kobold zombies (Ossuary)
  A leopard gecko skeleton (D:4)
  2 orc zombies (Ossuary)
  A quokka skeleton (D:5)
  6 rats
238 creatures vanquished.

Vanquished Creatures (collateral kills)
  2 killer bees (D:10)
  An orc priest (D:11)
  An orc (D:4)
4 creatures vanquished.

Vanquished Creatures (others)
  A quokka (D:4)
1 creature vanquished.

Grand Total: 243 creatures vanquished

Notes
Turn   | Place    | Note
-------+----------+-------------------------------------------
     0 | D:1      | CozyGlow the Demonspawn Fire Elementalist began the quest
                  | for the Orb.
     0 | D:1      | Reached XP level 1. HP: 13/13 MP: 3/3
   202 | D:1      | Gained mutation: You have sharp toenails. [demonic
                  | ancestry]
   202 | D:1      | Reached XP level 2. HP: 19/19 MP: 1/5
  1392 | D:2      | Reached XP level 3. HP: 19/24 MP: 0/7
  1563 | D:2      | Learned a level 2 spell: Throw Flame
  1686 | D:2      | Reached skill level 3 in Spellcasting
  1903 | D:2      | Found an iron altar of Okawaru.
  1903 | D:2      | Found an ornate altar of the Wu Jian Council.
  2167 | D:2      | Found a radiant altar of Vehumet.
  2190 | D:2      | Became a worshipper of Vehumet
  2195 | D:2      | Learned a level 3 spell: Conjure Flame
  2591 | D:3      | Gained mutation: Your movements are slightly less
                  | encumbered by armour. (ER -2) [demonic ancestry]
  2591 | D:3      | Reached XP level 4. HP: 30/30 MP: 4/8
  3551 | D:3      | Reached * piety under Vehumet
  3551 | D:3      | Offered knowledge of Freeze by Vehumet.
  3551 | D:3      | Gained mutation: You have razor-sharp toenails. [demonic
                  | ancestry]
  3551 | D:3      | Reached XP level 5. HP: 29/35 MP: 2/10
  3634 | D:3      | Reached skill level 4 in Spellcasting
  4185 | D:4      | Noticed an orc warrior
  4311 | D:4      | Noticed an ogre
  4447 | D:4      | Killed an ogre
  4447 | D:4      | Gained mutation: A weak demonic guardian rushes to your
                  | aid. [demonic ancestry]
  4447 | D:4      | Reached XP level 6. HP: 41/41 MP: 0/12
  4890 | D:4      | Found a stormy altar of Qazlal.
  4897 | D:4      | Reached skill level 5 in Spellcasting
  4968 | D:4      | Found a white marble altar of Elyvilon.
  5602 | D:4      | Reached XP level 7. HP: 46/46 MP: 6/14
  6270 | D:5      | Entered Level 5 of the Dungeon
  6353 | D:5      | Learned a level 4 spell: Sticky Flame
  6355 | D:5      | Found a snail-covered altar of Cheibriados.
  6415 | D:5      | Found a sacrificial altar of Ru.
  6415 | D:5      | Found a shimmering altar of Xom.
  6577 | D:5      | Found a glowing golden altar of the Shining One.
  6681 | D:5      | Found a sand-covered staircase.
  6681 | D:5      | Noticed Duvessa
  6681 | D:5      | Noticed Dowan
  6690 | D:5      | Reached skill level 6 in Spellcasting
  6706 | D:5      | Killed Dowan
  6741 | D:5      | Killed Duvessa
  6803 | Ossuary  | Entered an ossuary
  6820 | Ossuary  | Gained mutation: A demonic guardian rushes to your aid.
                  | [demonic ancestry]
  6820 | Ossuary  | Reached XP level 8. HP: 40/52 MP: 14/17
  6825 | Ossuary  | Reached ** piety under Vehumet
  6825 | Ossuary  | Offered knowledge of Sandblast by Vehumet.
  6939 | Ossuary  | Reached skill level 5 in Fire Magic
  7159 | D:5      | Learned a level 1 spell: Sandblast
  7583 | D:5      | Noticed Prince Ribbit
  7596 | D:5      | Killed Prince Ribbit
  7596 | D:5      | Reached skill level 7 in Spellcasting
  7596 | D:5      | Reached skill level 5 in Conjurations
  8024 | D:6      | Found a sparkling altar of Nemelex Xobeh.
  8341 | D:6      | Upgraded the game from 0.23-a0-270-gab6feb3 to
                  | 0.23-a0-275-g0cf4261
  9641 | D:7      | Offered knowledge of Static Discharge by Vehumet.
  9641 | D:7      | Reached skill level 8 in Spellcasting
  9641 | D:7      | Gained mutation: You have claws for feet. [demonic
                  | ancestry]
  9641 | D:7      | Reached XP level 9. HP: 57/57 MP: 9/21
  9702 | D:7      | Found a staircase to the Ecumenical Temple.
  9750 | D:7      | Found Quoxam's General Store.
  9758 | D:7      | Bought an uncursed staff of energy for 300 gold pieces
  9758 | D:7      | Bought a box of beasts for 240 gold pieces
  9956 | D:7      | Found an opulent altar of Gozag.
  9956 | D:7      | Found a glowing silver altar of Zin.
 10764 | D:8      | Reached *** piety under Vehumet
 10900 | D:8      | Learned a level 5 spell: Fireball
 10971 | D:8      | Found a staircase to the Lair.
 11256 | D:8      | Found a burning altar of Makhleb.
 11275 | D:8      | Learned a level 5 spell: Bolt of Magma
 11380 | D:9      | Found Kiafes's Antique Armour Shoppe.
 11386 | D:9      | Bought a crude helmet for 237 gold pieces
 11396 | D:9      | Identified the +0 helmet "Castaw" {rN+ Str+2 Int+3 Dex-3}
                  | (You bought it in a shop on level 9 of the Dungeon)
 11402 | D:9      | Noticed Grum
 11405 | D:9      | You fall through a shaft!
 11405 | D:10     | Entered Level 10 of the Dungeon
 11408 | D:10     | Reached skill level 9 in Spellcasting
 11777 | D:10     | Found Soinafud's Armour Emporium.
 12444 | D:10     | Offered knowledge of Throw Icicle by Vehumet.
 12642 | D:10     | Gained mutation: Your movements are less encumbered by
                  | armour. (ER -4) [demonic ancestry]
 12642 | D:10     | Reached XP level 10. HP: 63/63 MP: 7/23
 12650 | D:10     | Found a staircase to the Orcish Mines.
 13290 | D:10     | Learned a level 2 spell: Shroud of Golubria
 13294 | D:10     | Learned a level 3 spell: Spectral Weapon
 13298 | D:10     | Learned a level 3 spell: Regeneration
 13477 | D:10     | Found a runed gate.
 13478 | D:10     | Found a runed gate.
 13478 | D:10     | Found an opulent altar of Gozag.
 13478 | D:10     | Noticed an obsidian statue
 13483 | D:10     | Found a runed gate.
 13642 | D:11     | Reached **** piety under Vehumet
 13657 | D:11     | Noticed a two-headed ogre
 13661 | D:11     | Killed a two-headed ogre
 13661 | D:11     | Reached skill level 10 in Spellcasting
 13878 | D:11     | Offered knowledge of Airstrike by Vehumet.
 13890 | D:11     | Reached skill level 1 in Fighting
 14177 | D:11     | Slain by a vampire

Vault maps used:
D:1:      mainiacjoe_arrival_reflecting_pool, minmay_lizard_king
D:2:      lemuel_doored_altar, gammafunk_temple_overflow_wave, first_ration
D:4:      elyvilon_altar_4, grunt_qazlal_clouds
D:5:      nicolae_tso_carved_into_rock, nicolae_overflow_crystal_walls,
          gammafunk_temple_overflow_pools, lightli_ossuary_entry_decrepit_ruins,
          uniq_prince_ribbit1, uniq_duvessa
D:6:      nemelex_xobeh_ov_fountains_minmay
D:7:      black_bear_nest_1, grunt_temple_overflow_gold_and_silver,
          minmay_temple_entry_large_hall, serial_shops, shop
D:8:      makhleb_heckhound_becter, dpeg_oklobed_lair, minivault_19
D:9:      serial_shops, kennysheep_mini_moat, shop, nicolae_shop_behind_doors,
          uniq_grum, uniq_gastronok
D:10:     erik_orc_2, ebering_ghost_gozag, serial_shops,
          nicolae_shop_window_shopping, grunt_pizzeria
D:11:     minivault_27
Ossuary:  ossuary_tomb_3

Skill      XL: |  1  2  3  4  5  6  7  8  9 10 |
---------------+-------------------------------+-----
Fire Magic     | 3 4 6 7 |  7.5
Spellcasting   | 3 4 5 6 8 9 10 | 10.3
Conjurations   | 2 3 4 5 7 8 |  8.0
Fighting       | 2 |  2.4
Dodging        | |  1.7
Stealth        | |  1.7

Action                   |  1- 3 |  4- 6 |  7- 9 | 10-12 || total
-------------------------+-------+-------+-------+-------++-------
Melee: Unarmed           |    47 |       |       |       ||    47
       Kick              |     4 |       |       |     1 ||     5
       Staff             |       |       |     1 |     2 ||     3
 Fire: Hunting sling     |       |    40 |    43 |       ||    83
 Cast: Flame Tongue      |    79 |    81 |   222 |    38 ||   420
       Throw Flame       |     7 |    43 |    78 |    29 ||   157
       Conjure Flame     |       |    11 |    16 |     4 ||    31
       Sticky Flame      |       |       |    11 |     4 ||    15
       Sandblast         |       |       |    51 |       ||    51
       Fireball          |       |       |    10 |    10 ||    20
       Bolt of Magma     |       |       |     1 |    10 ||    11
       Shroud of Golubri |       |       |       |     2 ||     2
       Regeneration      |       |       |       |     1 ||     1
Evoke: Wand              |       |       |       |     6 ||     6
  Use: Potion            |     1 |     4 |     2 |    10 ||    17
       Scroll            |       |    11 |    12 |     4 ||    27
  Eat: Chunk             |     1 |     5 |     7 |       ||    13
       Ration            |     2 |     2 |     4 |     1 ||     9
Armor: Robe              |    25 |    17 |    19 |    23 ||    84
Dodge: Dodged            |    78 |    39 |    69 |    30 ||   216

Table legend:
 A = Non-vault XP
 B = Vault XP
 C = Vault XP percentage of total XP
 D = Non-vault monster count
 E = Vault monster count
 F = Vault count percentage of total count
                 A         B        C        D         E       F
            +---------+---------+-------+---------+---------+-------
      Total |    6523 |    1694 |  20.6 |     188 |      54 |  22.3
            +---------+---------+-------+---------+---------+-------
        D:1 |      26 |      13 |  33.3 |      16 |      11 |  40.7
        D:2 |      58 |       0 |   0.0 |      20 |       0 |   0.0
        D:3 |     246 |       0 |   0.0 |      30 |       0 |   0.0
        D:4 |     484 |       0 |   0.0 |      20 |       0 |   0.0
        D:5 |     651 |     435 |  40.1 |      15 |       3 |  16.7
        D:6 |     522 |       0 |   0.0 |      16 |       0 |   0.0
        D:7 |     973 |     119 |  10.9 |      21 |       1 |   4.5
        D:8 |     473 |      42 |   8.2 |       8 |       1 |  11.1
       D:10 |    1003 |     936 |  48.3 |      20 |      22 |  52.4
       D:11 |    2087 |       0 |   0.0 |      22 |       0 |   0.0
    Ossuary |       0 |     149 | 100.0 |       0 |      16 | 100.0
            +---------+---------+-------+---------+---------+-------
